AoeStats
← mryendl2410

Black Forest

510284900Analyzed
3v3 RM · 22h ago on Sep 30, 2026· 37m 57s· 6 players
Game mode
Random Map
Map size
Normal (6 player)
Population
200
Speed
Normal
Resources
Standard
Victory
Conquest
Starting age
Dark Age
Ending age
Imperial Age
RankedLock teamsTeams togetherTeam positionsShared explorationLock speedFull tech treeHidden civsTurbo modeCheats
Victory
Defeat
🇩🇪 Goths · Germany
1291
+14
🇪🇸 Persians · Spain
1185
+19
🇭🇰 Malay · Hong Kong SAR China
1166
+19
🇻🇳 Persians · Vietnam
1361
-22
🇦🇺 Britons · Australia
1211
-16
🇦🇷 Bohemians · Argentina
1168
-14
WallyGoodberg
1:34 Loom
9:18 Feudal Age
10:01 Double-Bit Axe
11:46 Man-at-Arms
15:34 Fletching
21:34 Castle Age
20:48 Gold Mining
20:50 Stone Mining
20:43 Horse Collar
21:14 Scale Mail Armor
22:27 Bow Saw
21:54 Pikeman
22:56 Heavy Plow
26:37 Stone Shaft Mining
32:04 Wheelbarrow
33:36 Hand Cart
36:00 Imperial Age
33:46 Chain Mail Armor
33:43 Forging
34:39 Squires
36:23 Iron Casting
36:28 Anarchy
36:57 Ballistics
36:36 Bodkin Arrow
37:08 Conscription
36:10 Elite Huskarl
36:29 Halberdier
Martí V L' Invident
10:40 Feudal Age
14:23 Castle Age
13:07 Double-Bit Axe
13:05 Horse Collar
19:16 Loom
28:42 Wheelbarrow
28:34 Gold Mining
28:36 Stone Mining
28:58 Bow Saw
28:51 Heavy Plow
32:18 Imperial Age
30:04 Hand Cart
31:02 Forging
30:58 Scale Barding Armor
31:39 Gold Shaft Mining
32:02 Stone Shaft Mining
33:25 Crop Rotation
34:00 Two-Man Saw
33:56 Iron Casting
33:42 Chain Barding Armor
33:59 Conscription
33:01 Elite War Elephant
36:18 Plate Barding Armor
kaaaboooom
5:46 Loom
12:34 Feudal Age
18:02 Castle Age
15:55 Double-Bit Axe
16:53 Gold Mining
20:27 Bow Saw
25:21 Forging
26:52 Squires
27:59 Arson
29:26 Pikeman
34:16 Fletching
34:32 Town Watch
38:57 Imperial Age
38:18 Wheelbarrow
Cowardpunch
1:09 Loom
13:22 Feudal Age
20:49 Castle Age
20:02 Double-Bit Axe
27:41 Fletching
29:01 Bodkin Arrow
29:08 Horse Collar
32:24 Ballistics
33:10 Padded Archer Armor
39:31 Imperial Age
37:22 Gold Mining
mryendl2410
8:35 Loom
11:55 Feudal Age
15:45 Castle Age
14:58 Scale Barding Armor
18:20 Chain Barding Armor
18:34 Double-Bit Axe
18:45 Horse Collar
22:02 Wheelbarrow
24:21 Bow Saw
24:15 Heavy Plow
24:07 Gold Mining
30:50 Imperial Age
28:44 Bloodlines
28:35 Husbandry
29:21 Forging
30:42 Gold Shaft Mining
31:49 Plate Barding Armor
32:06 Iron Casting
31:07 Cavalier
32:24 Hand Cart
33:57 Iron Casting
35:59 Blast Furnace
35:40 Savar
elnegro_coty
0:31 Loom
16:36 Feudal Age
17:48 Double-Bit Axe
17:51 Fishing Lines
22:22 Castle Age
23:27 Bow Saw
26:19 Chemistry
26:19 Wheelbarrow
25:30 Horse Collar
27:17 Man-at-Arms
36:23 Ballistics
36:19 Gillnets
37:54 Scale Mail Armor
Connection lost

Rejoining the realm…

Still unreachable

The connection could not be restored.

Session expired

The server has moved on; the page needs a fresh start.